 Dungeon Crawl Stone Soup version 0.19-a0-1714-gcab94ab (webtiles) character file.

57 kae the Slasher (level 4, 0/35 HPs)
             Began as a Formicid Fighter on Sept 28, 2016.
             Slain by a kobold (2 damage)
             ... on level 2 of the Dungeon.
             The game lasted 00:00:48 (630 turns).

kae the Slasher (Formicid Fighter)                   Turns: 630, Time: 00:00:48

Health: 0/35       AC:  7    Str: 21    XL:     4   Next: 18%
Magic:  4/4        EV:  7    Int:  8    God:
Gold:   32         SH:  9    Dex: 10    Spells: 0 memorised, 3 levels left

rFire  . . .     SeeInvis +     a - +0 long sword
rCold  . . .     Gourm    .     b - +0 scale mail
rNeg   . . .     Faith    .     c - +0 shield
rPois  .         Spirit   .     (helmet unavailable)
rElec  .         Dismiss  .     (no cloak)
rCorr  .         Reflect  .     (no gloves)
MR     .....     Harm     .     (no boots)
Stlth  ..........               (no amulet)
                                (no ring)
                                (no ring)

@: lethally poisoned (0 -> -2)
A: permanent stasis, dig shafts and tunnels, four strong arms, antennae 3
a: Dig, Shaft Self


You were on level 2 of the Dungeon.
You were not hungry.

You visited 1 branch of the dungeon, and saw 2 of its levels.

You collected 32 gold pieces.

Inventory:

Hand Weapons
 a - a +0 long sword (weapon)
Armour
 b - a +0 scale mail (worn)
 c - a +0 shield (worn)
Scrolls
 e - a scroll of identify {unknown}
 h - a scroll of random uselessness {unknown}
 j - a scroll of fog {unknown}
 k - 2 scrolls of amnesia {unknown}
Potions
 d - a potion of might
 l - a potion of agility {unknown}
 m - a potion of resistance {unknown}
Comestibles
 f - 2 bread rations
 g - a meat ration


   Skills:
 - Level 3.2 Fighting
 + Level 4.1 Long Blades
 - Level 3.2 Armour
 - Level 3.6 Shields


You had 3 spell levels left.
You didn't know any spells.

Dungeon Overview and Level Annotations

Branches:
Dungeon (2/15)

Altars:

Annotations:
D:2 Jessica


Innate Abilities, Weirdness & Mutations

You are under a permanent stasis effect.
You can dig through walls and to a lower floor.
Your four strong arms can wield two-handed weapons with a shield.
You have a pair of large antennae on your head. (SInv)


Message History

You kill the adder!
Your Long Blades skill increases to level 4!
You feel sick. You block Jessica's attack. Jessica barely misses you.
The kobold hits you but does no damage.
You hit Jessica.
Jessica is heavily wounded.
Jessica points at you and mumbles some strange words.
Pain shoots through your body! The kobold hits you but does no damage.
Your shield prevents you from hitting Jessica.
Jessica is heavily wounded.
You feel sick. Jessica casts a spell at you. You resist with some effort.
You block the kobold's attack.
Your shield and scale mail prevent you from hitting Jessica.
Jessica is heavily wounded.
Jessica gestures at you while chanting. Pain shoots through your body!
* * * LOW HITPOINT WARNING * * *
The kobold hits you.
You die...

# ยง# # #. .# ##.##
.# ......# ..#..#
#..w#
######.############
..........wK@@......
#######..#######.###
#####.# { #...#.###
#.......# #.......##
...........#
.####......# ...
.........# .......


You could see a worm, Jessica and a kobold.

Vanquished Creatures
  2 adders (D:2)
  A worm (D:1)
  3 ball pythons (D:1)
  4 giant cockroaches (D:1)
  5 goblins (D:1)
  A jackal (D:2)
  A quokka (D:2)
  5 bats
  2 frilled lizards
  10 kobolds
  2 rats (D:1)
36 creatures vanquished.

Notes
Turn   | Place    | Note
-------+----------+-------------------------------------------
     0 | D:1      | kae the Formicid Fighter began the quest for the Orb.
     0 | D:1      | Reached XP level 1. HP: 18/18 MP: 1/1
   105 | D:1      | Reached XP level 2. HP: 24/24 MP: 2/2
   218 | D:1      | Reached skill level 3 in Long Blades
   311 | D:1      | Reached XP level 3. HP: 21/29 MP: 3/3
   610 | D:2      | Noticed Jessica
   623 | D:2      | Reached XP level 4. HP: 18/35 MP: 4/4
   627 | D:2      | Reached skill level 4 in Long Blades
   630 | D:2      | Slain by a kobold

Vault maps used:
D:1:      ncdulo_wetmaze
D:2:      minmay_tall_x, uniq_jessica

Skill      XL: |  1  2  3  4 |
---------------+-------------+-----
Long Blades    | 3 4 |  4.1
Fighting       | |  3.2
Armour         | |  3.2
Shields        | |  3.6

Action                   |  1- 3 |  4- 6 || total
-------------------------+-------+-------++-------
Melee: Long sword        |   141 |     6 ||   147
  Use: Potion            |       |     1 ||     1
Armor: Scale mail        |    90 |     4 ||    94
Dodge: Dodged            |    56 |     1 ||    57
Block: Shield            |    91 |     4 ||    95
